 Dungeon Crawl Stone Soup version 0.29-a0-330-g52719c12eb (webtiles) character file.

Game seed: 4875019658136898930

1867 kae the Magician (level 8, -9/46 HPs)
             Began as a Deep Elf Fire Elementalist on May 1, 2022.
             Engulfed by a cloud of flame (18 damage)
             ... on level 5 of the Dungeon.
             The game lasted 00:03:52 (6182 turns).

kae the Magician (Deep Elf Fire Elementalist)       Turns: 6182, Time: 00:03:52

Health: -9/46      AC:  2    Str:  5    XL:     8   Next: 90%
Magic:  0/20       EV: 13    Int: 29    God:
Gold:   440        SH: 10    Dex: 15    Spells: 8/21 levels left

rFire   . . .      SeeInvis .   m - staff of conjuration
rCold   . . .      Faith    .   n - +1 kite shield
rNeg    . . .      Spirit   +   a - +0 robe
rPois   .          Reflect  .   (no helmet)
rElec   .          Harm     .   (no cloak)
rCorr   .          Rampage  .   (no gloves)
Will    .....                   (no boots)
Stlth   ++........              r - amulet of guardian spirit
HPRegen 0.15/turn               f - ring of flight
MPRegen 0.17/turn               k - +6 ring of intelligence

@: marked, flying
A: no striking features
a: no special abilities


You were on level 5 of the Dungeon.
You visited 1 branch of the dungeon, and saw 5 of its levels.

You collected 440 gold pieces.

Inventory:

Armour
 a - a +0 robe (worn)
 n - a +1 kite shield (worn)
Magical Staves
 m - a staff of conjuration (weapon)
Jewellery
 f - a ring of flight (left hand)
 k - a +6 ring of intelligence (right hand)
 q - a ring of see invisible
 r - an amulet of guardian spirit (around neck)
Wands
 w - a wand of flame (18)
Scrolls
 d - 3 scrolls of teleportation
 j - a scroll of fog
 o - 2 scrolls of brand weapon
 t - 2 scrolls of amnesia
 v - 2 scrolls of enchant armour
Potions
 b - a potion of magic
 c - a potion of attraction
 e - 2 potions of heal wounds
 g - 2 potions of lignification {unknown}
 h - 3 potions of berserk rage {unknown}
 i - 3 potions of curing {unknown}
 l - a potion of degeneration {unknown}
 p - a potion of brilliance {unknown}


   Skills:
 + Level 3.3 Fighting
 + Level 5.9 Dodging
 - Level 2.4 Stealth
 + Level 3.4 Shields
 + Level 7.1 Spellcasting
 + Level 5.3 Conjurations
 + Level 6.3 Fire Magic


You had 8 spell levels left.
You knew the following spells:

 Your Spells              Type           Power      Damage    Failure   Level
a - Foxfire               Conj/Fire      100%       2x1d9     1%          1
b - Scorch                Fire           94%        2d9       1%          2
c - Conjure Flame         Conj/Fire      60%        6-21      4%          3
d - Inner Flame           Hex/Fire       28%        N/A       13%         3
e - Flame Wave            Conj/Fire      60%        2d12      14%         4

Your spell library contained the following spells:

 Spells                   Type           Power      Damage    Failure   Level
 Magic Dart               Conj           100%       1d8       1%          1
 Freeze                   Ice            40%        1d6       16%         1
 Mephitic Cloud           Conj/Pois/Air  31%        N/A       22%         3
 Call Imp                 Summ           10%        N/A       24%         2
 Frozen Ramparts          Ice            20%        1d4       43%         3
 Hailstorm                Conj/Ice       38%        3d9       45%         4


Dungeon Overview and Level Annotations

Branches:
Dungeon (5/15)
 Temple: D:4-7

Altars:
Fedhas
Makhleb
Sif Muna
Zin

Shops:
D:5 *

Annotations:
D:5 Sigmund


Message History

The foxfire hits Edmund.
Edmund is moderately wounded.
Casting: Foxfire (safe; 1% risk of failure)
Confirm with . or Enter, or press ? or * to list all spells.
Aiming: Inner Flame (dangerous; 13% risk of failure)
Press: ? - help, Dir - move target, f - Edmund
Aim: Edmund, wielding a +3 flail of protection and wearing a +0 leather armour (moderately wounded, chance to affect: 83%) Edmund is filled with an inner flame.
Casting: Inner Flame (dangerous; 13% risk of failure)
Confirm with . or Enter, or press ? or * to list all spells.
You feel a surge of power!
You conjure some foxfire!
The foxfire hits Edmund but does no damage.
Edmund is moderately wounded.
The foxfire hits Edmund but does no damage.
Edmund is moderately wounded.
Casting: Foxfire (safe; 1% risk of failure)
Confirm with . or Enter, or press ? or * to list all spells.
You feel a surge of power!
You conjure some foxfire!
The foxfire hits Edmund but does no damage.
Edmund is moderately wounded.
The foxfire hits Edmund but does no damage.
Edmund is moderately wounded.
Casting: Foxfire (safe; 1% risk of failure)
Confirm with . or Enter, or press ? or * to list all spells.
You feel a surge of power!
You conjure some foxfire!
The foxfire hits Edmund but does no damage.
Edmund is moderately wounded.
The foxfire hits Edmund.
Flame seeps out of Edmund.
Edmund is heavily wounded.
Edmund is engulfed in blazing flames.
Flame seeps out of Edmund.
Casting: Foxfire (safe; 1% risk of failure)
Confirm with . or Enter, or press ? or * to list all spells.
You feel a surge of power!
You conjure some foxfire!
Edmund is engulfed in blazing flames.
Edmund explodes!
The fiery explosion engulfs you!!!
Ouch! That really hurt!
* * * LOW HITPOINT WARNING * * *
You are engulfed in blazing flames.
You die...

######## #......###
#. ##vv..#<..#####
##. #.@............
... #§####..####...
.. #°# ##.##### #
.. #.# #.†)..## ##.
#.# #####).####..
#.# ######..#....
#.### #....<....##.
#...# #........###.
###.##.............


There were no monsters in sight!

Vanquished Creatures
  3 yaks (D:4)
  Edmund (D:5)
  Menkaure (D:5)
  A black bear (D:5)
  A centaur (D:4)
  2 ogres (D:5)
  2 kobold brigands (D:4)
  A necrophage (D:5)
  3 scorpions (D:5)
  2 jellies
  A gnoll shaman (D:5)
  2 hounds
  An iguana (D:5)
  An orc wizard (D:4)
  12 gnolls
  4 adders
  A worm (D:3)
  3 dart slugs (D:3)
  4 orcs
  5 endoplasms
  5 giant cockroaches
  10 goblins
  10 hobgoblins
  3 jackals (D:1)
  2 quokkas (D:1)
  8 ball pythons
  2 bats
  2 frilled lizards (D:1)
  58 kobolds
  9 rats
160 creatures vanquished.

Vanquished Creatures (collateral kills)
  A foxfire (D:1)
1 creature vanquished.

Vanquished Creatures (others)
  547 foxfires
  3 plants (D:5)
550 creatures vanquished.

Grand Total: 711 creatures vanquished

Notes
Turn   | Place    | Note
-------+----------+-------------------------------------------
     0 | D:1      | kae the Deep Elf Fire Elementalist began the quest for the
                  | Orb.
     0 | D:1      | Reached XP level 1. HP: 10/10 MP: 6/6
   315 | D:1      | Reached XP level 2. HP: 14/15 MP: 5/8
   765 | D:1      | Learned a level 2 spell: Scorch
   994 | D:1      | Found a faded altar of an unknown god.
  1124 | D:1      | Reached XP level 3. HP: 19/19 MP: 8/10
  1128 | D:1      | Learned a level 3 spell: Conjure Flame
  1351 | D:2      | Reached skill level 4 in Spellcasting
  1973 | D:3      | Reached XP level 4. HP: 21/24 MP: 8/12
  2222 | D:3      | Found a burning altar of Makhleb.
  2917 | D:4      | Noticed a centaur
  3079 | D:4      | Noticed a yak
  3084 | D:4      | Found a blossoming altar of Fedhas.
  3227 | D:4      | Reached XP level 5. HP: 28/28 MP: 11/13
  3517 | D:4      | Learned a level 3 spell: Inner Flame
  3529 | D:4      | Noticed a yak
  3529 | D:4      | Noticed a yak
  3591 | D:4      | Killed a yak
  3592 | D:4      | Reached skill level 1 in Fighting
  3592 | D:4      | Reached skill level 1 in Shields
  3592 | D:4      | Reached XP level 6. HP: 29/34 MP: 7/15
  3595 | D:4      | Killed a yak
  3596 | D:4      | Reached skill level 5 in Spellcasting
  3612 | D:4      | Killed a yak
  3613 | D:4      | Reached skill level 5 in Fire Magic
  3613 | D:4      | Reached XP level 7. HP: 26/40 MP: 2/17
  4711 | D:4      | Learned a level 4 spell: Flame Wave
  5067 | D:4      | Reached skill level 6 in Spellcasting
  5281 | D:5      | Entered Level 5 of the Dungeon
  5304 | D:5      | Reached XP level 8. HP: 45/45 MP: 13/19
  5402 | D:5      | Reached skill level 5 in Dodging
  5548 | D:5      | Found a shimmering blue altar of Sif Muna.
  5745 | D:5      | Found Zin's Purification Station.
  5752 | D:5      | Noticed Menkaure
  5787 | D:5      | Killed Menkaure
  5788 | D:5      | Reached skill level 5 in Conjurations
  5862 | D:5      | Found a glowing silver altar of Zin.
  6006 | D:5      | Reached skill level 7 in Spellcasting
  6156 | D:5      | Noticed Edmund
  6160 | D:5      | Noticed Sigmund
  6181 | D:5      | Killed Edmund
  6182 | D:5      | Engulfed by a cloud of flame

Illustrated notes

Levels and vault maps discovered:
D:1:      saegor_arrival_under_anarchy, layout_basic,
          hellmonk_ecumenical_altar_leap_of_faith, serial_bayou_pond_d,
          minmay_distorted
D:2:      layout_rooms, minmay_tetromino_i4
D:3:      layout_basic, lightli_temple_of_fire
D:4:      minmay_goblin_kobold_castle, layout_loops_cross, lemuel_tele_altar
D:5:      layout_rooms, nicolae_sif_muna_condensation, zin_purify,
          hangedman_decor_riveting, sigmund_edmund_badplayer, uniq_menkaure,
          uniq_sigmund, uniq_crazy_yiuf_cottage

Skill      XL: |  1  2  3  4  5  6  7  8 |
---------------+-------------------------+-----
Conjurations   | 2 3 4 5 |  5.3
Spellcasting   | 4 5 6 7 |  7.1
Fire Magic     | 4 5 6 |  6.3
Fighting       | 1 2 3 |  3.3
Dodging        | 3 4 5 |  5.9
Shields        | 1 2 3 |  3.4
Stealth        | |  2.4

Action                   |  1- 3 |  4- 6 |  7- 9 || total
-------------------------+-------+-------+-------++-------
Melee: Staff             |       |     1 |       ||     1
 Cast: Foxfire           |    87 |    75 |   157 ||   319
       Scorch            |     3 |     2 |    10 ||    15
       Conjure Flame     |       |       |     2 ||     2
       Inner Flame       |       |       |     1 ||     1
  Use: Scroll            |     4 |       |     6 ||    10
Armor: Robe              |     3 |     2 |     4 ||     9
Dodge: Dodged            |    11 |     3 |    31 ||    45
Block: Kite shield       |     3 |     4 |    27 ||    34

Table legend: (Time is in decaauts)
 A = Elapsed time spent in this place.
 B = Non-inter-level travel time spent in this place.
 C = Inter-level travel time spent in this place.
 D = Time resting spent in this place.
 E = Time spent auto-exploring this place.
 F = Levels seen in this place.
 G = Mean time per level.
                   A        B        C        D        E       F      G
               +--------+--------+--------+--------+--------+-----+--------+
         Total |   6184 |   6068 |    116 |    167 |   4809 |   5 | 1236.8 |
       Dungeon |   6184 |   6068 |    116 |    167 |   4809 |   5 | 1236.8 |
               +--------+--------+--------+--------+--------+-----+--------+

Top non-repeatable levels by time:
     D:4: 2244 daAuts
     D:1: 1198 daAuts
     D:3: 1093 daAuts
     D:5: 881 daAuts
     D:2: 766 daAuts
